Map: Lightshade LE

Players

Lambo - Winner!

  • Race: Zerg Zerg

Rail

  • Race: Protoss Protoss

Event: DreamHack SC2 Masters 2021 Winter

VOD

Have the link to the VOD?

Description

Time

  • Played on: Sept. 30, 2021, 11:11 a.m.
  • Length: 10:38

All games in this series

Show
View Real Time Build Order
Export as new Build Order

Lambo Zerg - Winner!

Build Orders: Hatch First, Lurkers, Roach Hydra 

Get SALT Encoding   

  12  0:00  Drone  
  13  0:12  Overlord  
  13  0:16  Drone  
  14  0:30  Drone x2  
  16  0:47  Hatchery  
  15  0:50  Drone  
  15  0:55  Drone  
  17  0:58  Drone  
  18  1:08  Extractor  
  17  1:13  Spawning Pool  
  17  1:15  Drone  
  17  1:21  Drone  
  18  1:29  Drone  
  19  1:39  Drone  
  20  1:51  Drone  
  21  2:00  Zergling x2, Queen x2  
  26  2:01  Overlord  
  26  2:10  Drone  
  26  2:11  Drone  
  28  2:20  Drone  
  28  2:21  Drone  
  30  2:30  Hatchery  
  30  2:31  Drone  
  30  2:32  Drone  
  31  2:38  Pneumatized Carapace  
  31  2:42  Drone  
  32  2:46  Overlord  
  32  2:54  Queen  
  32  2:55  Drone  
  32  2:56  Drone  
  36  3:07  Overlord  
  36  3:09  Drone x4  
  36  3:12  Metabolic Boost  
  40  3:17  Drone  
  41  3:24  Drone  
  41  3:25  Queen  
  44  3:29  Drone  
  44  3:30  Queen  
  47  3:34  Overlord  
  47  3:38  Drone  
  48  3:42  Overlord  
  48  3:43  Drone x2  
  50  3:52  Queen  
  52  3:58  Drone x5  
  52  3:59  Zergling x2  
  52  4:02  Overlord  
  58  4:07  Drone x4  
  62  4:13  Drone  
  62  4:14  Drone x2  
  62  4:15  Spore Crawler  
  62  4:16  Overlord  
  64  4:21  Drone x2  
  64  4:22  Drone x2  
  68  4:27  Extractor  
  68  4:28  Extractor  
  68  4:29  Roach Warren  
  65  4:32  Lair  
  65  4:33  Drone x2  
  65  4:35  Drone  
  65  4:36  Drone  
  69  4:39  Zergling x4  
  69  4:40  Drone  
  69  4:41  Drone  
  69  4:42  Drone  
  69  4:43  Drone  
  75  4:46  Drone x2  
  75  4:47  Drone  
  75  4:48  Drone  
  75  4:51  Overlord  
  79  4:54  Extractor  
  79  4:55  Extractor  
  79  4:56  Overlord  
  79  4:57  Queen  
  79  4:59  Overlord  
  79  5:04  Drone x3  
  79  5:06  Overlord  
  82  5:08  Overlord  
  82  5:09  Overlord  
  82  5:15  Drone x2, Extractor  
  82  5:16  Drone x2  
  84  5:22  Roach  
  84  5:28  Roach x3  
  92  5:30  Drone x2  
  92  5:31  Hatchery  
  92  5:34  Drone x2  
  95  5:35  Drone x2  
  95  5:39  Infestation Pit  
  96  5:45  Drone x2, Glial Reconstitution  
  96  5:46  Drone, Hydralisk Den  
  102  5:50  Roach x2, Spore Crawler  
  102  5:52  Drone  
  102  5:54  Overseer  
  102  5:56  Roach x2  
  106  6:00  Overlord  
  106  6:04  Overlord  
  106  6:10  Drone x9  
  115  6:15  Hive  
  115  6:17  Lurker Den  
  114  6:18  Evolution Chamber  
  114  6:21  Hydralisk, Muscular Augments  
  114  6:23  Extractor  
  114  6:26  Extractor  
  114  6:28  Hydralisk x2  
  114  6:30  Evolution Chamber  
  114  6:32  Evolution Chamber  
  116  6:36  Drone  
  116  6:37  Drone x7  
  124  6:40  Hydralisk x2  
  127  6:50  Roach  
  127  6:51  Roach x4  
  137  6:57  Overlord  
  137  6:58  Overlord x2  
  137  6:59  Hydralisk  
  137  7:00  Hydralisk x2  
  143  7:05  Overlord  
  143  7:08  Zerg Missile Weapons Level 1, Zerg Ground Armor Level 1  
  143  7:10  Overlord  
  143  7:11  Spore Crawler  
  143  7:12  Overlord  
  143  7:15  Overlord  
  142  7:16  Overlord  
  142  7:21  Overlord  
  142  7:22  Overlord  
  142  7:23  Hydralisk x3  
  142  7:27  Overlord  
  148  7:32  Drone x5  
  153  7:38  Seismic Spines  
  153  7:39  Viper  
  153  7:41  Viper  
  153  7:43  Hatchery  
  153  7:44  Viper  
  158  7:47  Grooved Spines  
  158  7:49  Lurker  
  162  7:53  Roach x2  
  162  7:55  Lurker  
  167  7:59  Spine Crawler x2  
  167  8:00  Spore Crawler  
  167  8:01  Roach x3  
  167  8:02  Lurker  
  171  8:08  Roach x7  
  185  8:13  Overseer  
  185  8:17  Roach x6  
  197  8:24  Roach  
  195  8:29  Roach x6  
  196  8:35  Roach  
  198  8:45  Overlord  
  198  8:46  Overlord  
  198  8:47  Overlord  
  196  8:52  Overlord  
  192  9:01  Lurker x6  
  192  9:02  Lurker  
  199  9:07  Overlord  
  187  9:17  Hydralisk x6  
  187  9:20  Hydralisk  
  172  9:25  Hydralisk x2  
  172  9:30  Hydralisk x2  
  179  9:32  Hydralisk x2  
  171  9:38  Hydralisk x2  
  171  9:41  Hydralisk  
  171  9:42  Roach  
  171  9:43  Zergling x2  
  171  9:44  Zergling x20  
  167  9:47  Roach  
  167  9:51  Roach x2  
  151  9:56  Roach x3  
  151  9:58  Lurker  
  151  9:59  Lurker  
  159  10:00  Zergling x2, Roach  
  159  10:01  Queen, Roach  
  159  10:05  Lurker  
  167  10:08  Zergling x10, Roach x2  
  167  10:12  Roach  
  167  10:14  Lurker  
  179  10:17  Roach x3  
  182  10:34  Extractor  
  191  10:38  Extractor  
Show
View Real Time Build Order
Export as new Build Order

Rail Protoss 

Build Orders: 1 Gate Expand, Archon Immortal 

Get SALT Encoding   

  12  0:01  Probe  
  13  0:13  Probe  
  14  0:17  Pylon  
  14  0:25  Probe (Chrono Boost)  
  15  0:37  Probe (Chrono Boost)  
  15  0:39  Gateway  
  16  0:45  Probe (Chrono Boost)  
  16  0:46  Assimilator  
  17  0:51  Probe  
  18  1:03  Probe  
  19  1:15  Probe  
  20  1:26  Nexus  
  20  1:34  Cybernetics Core  
  20  1:37  Probe  
  21  1:44  Assimilator  
  21  1:49  Probe  
  22  1:54  Pylon  
  22  2:02  Probe (Chrono Boost)  
  23  2:11  Warp Gate  
  23  2:12  Stalker  
  23  2:14  Probe (Chrono Boost)  
  26  2:20  Probe (Chrono Boost)  
  27  2:25  Stargate  
  27  2:28  Probe (Chrono Boost)  
  28  2:40  Probe x2 (Chrono Boost)  
  28  2:42  Adept  
  32  2:47  Probe x2 (Chrono Boost)  
  34  2:52  Probe (Chrono Boost)  
  34  2:54  Probe  
  36  3:00  Void Ray (Chrono Boost)  
  36  3:04  Probe  
  41  3:14  Gateway  
  41  3:15  Probe, Pylon  
  41  3:19  Probe  
  43  3:25  Robotics Facility  
  43  3:28  Probe  
  43  3:31  Probe  
  45  3:36  Pylon  
  45  3:39  Assimilator  
  46  3:41  Probe (Chrono Boost)  
  46  3:43  Assimilator  
  46  3:44  Probe (Chrono Boost)  
  47  3:51  Pylon  
  49  3:55  Probe (Chrono Boost)  
  49  3:56  Pylon  
  49  3:58  Probe (Chrono Boost)  
  49  3:59  Sentry  
  49  4:01  Probe (Chrono Boost)  
  52  4:04  Probe  
  53  4:10  Probe  
  53  4:13  Observer  
  53  4:16  Robotics Bay, Probe  
  56  4:17  Gateway  
  56  4:19  Gateway  
  57  4:33  Warp Prism, Pylon, Sentry  
  60  4:39  Sentry  
  60  4:45  Nexus  
  62  4:49  Pylon  
  62  4:50  Probe  
  63  4:55  Shield Battery  
  63  4:57  Probe  
  64  5:03  Probe  
  65  5:08  Gravitic Drive  
  65  5:09  Probe, Disruptor  
  69  5:15  Probe, Sentry  
  73  5:21  Probe  
  73  5:27  Probe  
  74  5:32  Pylon  
  74  5:33  Probe  
  75  5:39  Probe (Chrono Boost)  
  76  5:42  Assimilator  
  76  5:45  Assimilator  
  76  5:48  Probe (Chrono Boost)  
  76  5:49  Immortal, Forge  
  82  5:51  Probe (Chrono Boost)  
  82  5:52  Twilight Council  
  83  5:57  Probe (Chrono Boost)  
  83  5:59  Probe x2 (Chrono Boost)  
  86  6:04  Gateway x2  
  86  6:05  Probe (Chrono Boost)  
  86  6:06  Probe (Chrono Boost), Pylon  
  86  6:09  Protoss Ground Weapons Level 1 (Chrono Boost)  
  88  6:12  Probe (Chrono Boost)  
  88  6:15  Probe (Chrono Boost), Pylon  
  88  6:16  Charge (Chrono Boost)  
  88  6:17  Probe (Chrono Boost)  
  90  6:25  Probe (Chrono Boost)  
  91  6:28  Templar Archives  
  91  6:32  Probe  
  92  6:38  Gateway  
  92  6:39  Gateway  
  92  6:40  Gateway  
  92  6:41  Gateway  
  92  6:42  Immortal  
  96  6:47  Zealot x2  
  96  6:52  Pylon  
  96  6:53  Zealot x2  
  104  6:59  Pylon  
  104  7:01  Pylon  
  104  7:04  High Templar x2  
  104  7:07  Probe  
  109  7:08  High Templar x2  
  109  7:09  Archon  
  109  7:10  Pylon  
  109  7:11  Pylon  
  113  7:16  Archon, High Templar  
  113  7:17  High Templar  
  113  7:19  Pylon  
  117  7:23  Nexus, Archon  
  117  7:27  Immortal (Chrono Boost)  
  121  7:38  Zealot x3, Pylon  
  127  7:45  High Templar x2  
  127  7:46  Zealot x3  
  127  7:48  Zealot  
  127  7:49  Archon  
  139  7:53  Zealot  
  139  7:56  Photon Cannon  
  141  8:03  Zealot, High Templar x2  
  147  8:07  Zealot  
  147  8:08  Archon  
  147  8:09  Immortal  
  153  8:19  Zealot x5  
  161  8:20  Zealot  
  159  8:31  Zealot  
  161  8:34  Zealot  
  159  8:43  Zealot x4  
  159  8:44  Zealot x2  
  162  8:48  Observer  
  154  9:00  Zealot x4  
  154  9:02  Probe  
  161  9:04  Probe  
  161  9:05  Zealot x4  
  161  9:08  Zealot  
  172  9:10  Immortal  
  156  9:21  Zealot x5  
  135  9:35  High Templar x2  
  135  9:36  Probe  
  130  9:40  Zealot x3, Archon  
  130  9:41  Zealot x3  
  118  9:49  Observer  
  118  9:50  Zealot x2  
  107  9:55  Probe  
  107  9:58  Probe  
  99  10:00  Assimilator x2  
  99  10:02  Probe  
  99  10:05  High Templar x3  
  106  10:08  High Templar  
  106  10:09  High Templar x2  
  106  10:10  High Templar  
  114  10:17  Probe  
  114  10:19  Archon  
  117  10:23  Zealot x2  
  117  10:24  Zealot  

Tags
 
Add a new tag
Caveats
  • Supply blocks, unpowered buildings, or Contaminate may cause inaccurate times.
  • Supply counts are checked every 10 seconds.